[Event "International chess holiday K31"]
[Site "?"]
[Date "2018.08.01"]
[Round "5"]
[White "Pokorny, Jan"]
[Black "Hadzala, Daniel"]
[Result "0-1"]
[ECO "A48"]
[WhiteElo "1879"]
[BlackElo "2104"]
[Annotator "Koller,Martin"]
[PlyCount "51"]
[TimeControl "240+2"]

{279MB} 1. d4 Nf6 2. Nf3 d6 3. h3 Nbd7 4. Bf4 g6 5. e3 Bg7 6. Nbd2 O-O 7. Bc4
a6 8. a4 Qe8 9. c3 e5 10. dxe5 dxe5 11. Bh2 e4 12. Nd4 c5 13. Ne2 Ne5 14. Ba2
Nd3+ 15. Kf1 Qc6 16. Nf4 Nxb2 17. Qc2 Nd3 18. Nxd3 exd3 19. Qxd3 Bf5 20. Qe2
Bxh3 21. Qf3 Qxf3 22. Nxf3 Bf5 23. Bd6 Rfc8 24. Bc4 Ne4 25. Be5 Bxe5 26. Nxe5
0-1

[Event "International chess holiday K31"]
[Site "?"]
[Date "2018.08.01"]
[Round "5"]
[White "Spindler, Markus"]
[Black "Nelson, Wayne"]
[Result "1/2-1/2"]
[ECO "B12"]
[WhiteElo "1973"]
[BlackElo "2009"]
[Annotator "Koller,Martin"]
[PlyCount "57"]
[TimeControl "240+2"]

{279MB} 1. e4 c6 2. d4 d5 3. e5 Bf5 4. h4 h6 5. g4 Bh7 6. e6 Qd6 7. exf7+ Kxf7
8. Qf3+ Nf6 9. Bd3 Qe6+ 10. Ne2 Qxg4 11. Nd2 Qxf3 12. Nxf3 Nbd7 13. Nf4 Bxd3
14. Nxd3 e6 15. Bf4 Be7 16. Nfe5+ Nxe5 17. Nxe5+ Ke8 18. Ng6 Rg8 19. O-O-O Nd7
20. Rde1 Kf7 21. Rhg1 Bf6 22. Ne5+ Nxe5 23. Bxe5 Bxe5 24. Rxe5 b6 25. h5 c5 26.
Rg6 Rge8 27. f4 Rad8 28. Kd2 cxd4 29. Kd3 1/2-1/2

[Event "International chess holiday K31"]
[Site "?"]
[Date "2018.08.01"]
[Round "5"]
[White "Rejlic, Michael"]
[Black "Hejsek, Lukas"]
[Result "0-1"]
[ECO "B06"]
[WhiteElo "1866"]
[BlackElo "1704"]
[Annotator "Koller,Martin"]
[PlyCount "66"]
[TimeControl "240+2"]

{279MB} 1. e4 c5 2. c3 d5 3. exd5 Qxd5 4. d4 g6 5. Nf3 Bg7 6. Be2 Nf6 7. O-O
O-O 8. Be3 Bg4 9. h3 Bf5 10. c4 Qd8 11. d5 Ne4 12. Qc1 Qb6 13. Nc3 Nxc3 14.
bxc3 h5 15. Qd2 Nd7 16. Nh4 Qf6 17. Nxf5 Qxf5 18. Bd3 Qf6 19. Rac1 Qb6 20. f4
e6 21. Rb1 Qa6 22. Rf3 Rfe8 23. dxe6 Qxe6 24. f5 Qc6 25. Rg3 Ne5 26. Be2 Rad8
27. Qc2 h4 28. Bf3 Qc7 29. Rg5 Nxf3+ 30. gxf3 Rxe3 31. fxg6 f6 32. Rg2 b6 33.
Qf5 Qe5 0-1

[Event "International chess holiday K31"]
[Site "?"]
[Date "2018.08.01"]
[Round "5"]
[White "Skopec, Lubos"]
[Black "Vit, Zdenek"]
[Result "1/2-1/2"]
[ECO "C45"]
[WhiteElo "1981"]
[BlackElo "1705"]
[Annotator "Koller,Martin"]
[PlyCount "85"]
[TimeControl "240+2"]

{279MB} 1. e4 e5 2. Nf3 Nc6 3. d4 exd4 4. Nxd4 Bc5 5. Be3 Qf6 6. c3 Nge7 7. Bc4
O-O 8. O-O a6 9. Kh1 Ne5 10. Be2 Qg6 11. Bh5 Qxe4 12. Nd2 Qd5 13. c4 Nxc4 14.
Nxc4 Qxc4 15. Rc1 Qd5 16. Bf3 Qd6 17. Re1 Bb6 18. Qb3 Qf6 19. Qa3 Nf5 20. Nxf5
Qxf5 21. Bxb6 cxb6 22. Rc7 Qa5 23. Qxa5 bxa5 24. Re7 Rb8 25. Bd5 g5 26. g3 Kg7
27. Kg2 Kf6 28. Re3 b5 29. Rd3 a4 30. Bf3 h6 31. Kf1 Re8 32. Bg4 d5 33. Rf3+
Kg6 34. Bxc8 Rbxc8 35. Rcxf7 Rc6 36. Rd7 Rc1+ 37. Kg2 g4 38. Rd6+ Kg7 39. Rf4
h5 40. Rxd5 Ree1 41. Rd7+ Kg6 42. Rd6+ Kg7 43. Rd7+ 1/2-1/2

[Event "International chess holiday M31"]
[Site "?"]
[Date "2018.08.01"]
[Round "6"]
[White "Michalek, Frantisek"]
[Black "Jayaram, Ramanna"]
[Result "1/2-1/2"]
[ECO "C85"]
[WhiteElo "2023"]
[BlackElo "1984"]
[Annotator "Koller,Martin"]
[PlyCount "56"]
[TimeControl "240+2"]

{279MB} 1. e4 e5 2. Nf3 Nc6 3. Bb5 a6 4. Ba4 Nf6 5. O-O Be7 6. Bxc6 dxc6 7. d3
Bg4 8. h3 Bxf3 9. Qxf3 O-O 10. Be3 Nd7 11. Nd2 Bd6 12. Qg4 Nf6 13. Qe2 Nd7 14.
Qg4 Re8 15. Bg5 f6 16. Be3 Nf8 17. Nf3 Qc8 18. Nh4 Qxg4 19. hxg4 Ne6 20. g3
Rad8 21. Kg2 Rd7 22. Rh1 Bc5 23. Bxc5 Nxc5 24. Nf5 Ne6 25. Raf1 c5 26. b3 c6
27. f4 Nd4 28. Ne3 Ne6 1/2-1/2

[Event "International chess holiday M31"]
[Site "?"]
[Date "2018.08.01"]
[Round "6"]
[White "Gunther, Andreas"]
[Black "Knechtel, Roland"]
[Result "1/2-1/2"]
[ECO "E14"]
[WhiteElo "2138"]
[BlackElo "2237"]
[Annotator "Koller,Martin"]
[PlyCount "43"]
[TimeControl "240+2"]

{279MB} 1. d4 Nf6 2. Nf3 e6 3. e3 b6 4. Bd3 Bb7 5. O-O c5 6. Nbd2 d6 7. b3 Be7
8. Bb2 O-O 9. c4 Nbd7 10. Re1 Re8 11. Bf1 Qc7 12. e4 cxd4 13. Nxd4 Rac8 14. Rc1
Qb8 15. Kh1 Qa8 16. Qe2 Bf8 17. a3 a6 18. b4 d5 19. e5 Ne4 20. f4 f5 21. Nxe4
dxe4 22. Qe3 1/2-1/2

[Event "International chess holiday M31"]
[Site "?"]
[Date "2018.08.01"]
[Round "6"]
[White "Zajicek, Karel"]
[Black "Schafer, Sven"]
[Result "1-0"]
[ECO "B53"]
[WhiteElo "1979"]
[BlackElo "2008"]
[Annotator "Koller,Martin"]
[PlyCount "83"]
[TimeControl "240+2"]

{279MB} 1. e4 c5 2. Nf3 d6 3. d4 cxd4 4. Qxd4 Nc6 5. Qe3 g6 6. c4 Bg7 7. Be2
Nf6 8. h3 O-O 9. O-O Bd7 10. Nc3 Nb4 11. Rb1 Qc8 12. a3 Na6 13. b4 Be6 14. Nd5
Bxd5 15. cxd5 Nb8 16. Bb2 Nbd7 17. Rfc1 Qd8 18. Rc2 a5 19. Bd4 axb4 20. Rxb4 b6
21. Rc6 Nc5 22. Nd2 Nfd7 23. Bxg7 Kxg7 24. Nc4 Na6 25. Ra4 Ndc5 26. Nxb6 Nxa4
27. Nxa8 N6c5 28. Nc7 Qb8 29. Bb5 Rc8 30. Bxa4 Rxc7 31. Rxc7 Qxc7 32. Bc6 Qb6
33. Qd4+ Kg8 34. Qb4 Qa6 35. a4 Qe2 36. Bb5 Qd1+ 37. Kh2 Qa1 38. f4 g5 39. e5
gxf4 40. exd6 exd6 41. Qxf4 Kg7 42. Qg3+ 1-0

[Event "International chess holiday M31"]
[Site "?"]
[Date "2018.08.01"]
[Round "6"]
[White "Thomasson, Staffan"]
[Black "Hentzgen, Thomas"]
[Result "0-1"]
[ECO "A00"]
[WhiteElo "1868"]
[BlackElo "2028"]
[Annotator "Koller,Martin"]
[PlyCount "106"]
[TimeControl "240+2"]

{279MB} 1. d4 e6 2. Nc3 c5 3. Nf3 cxd4 4. Nxd4 a6 5. g3 Qc7 6. Bg2 Nf6 7. O-O
Bb4 8. Bd2 Be7 9. e4 d6 10. a4 Nbd7 11. Kh1 Ne5 12. b3 Qc5 13. Nce2 h5 14. b4
Qa7 15. h4 Nc4 16. Bg5 Bd7 17. c3 Ng4 18. Bxe7 Kxe7 19. Qc1 f6 20. Bh3 e5 21.
Bxg4 Bxg4 22. Nf5+ Kf8 23. Qc2 Bh3 24. Qd3 Bxf1 25. Rxf1 b5 26. Qd5 g6 27. axb5
gxf5 28. Qxc4 axb5 29. Qxb5 Rb8 30. Qd3 Qb7 31. Qxd6+ Kg7 32. Kh2 fxe4 33. Qe6
Rbe8 34. Qb3 Qe7 35. c4 f5 36. Nc3 Rd8 37. Nd5 Qa7 38. c5 Qb7 39. Ne3 Rhf8 40.
Qc3 Qe7 41. Nc4 Rd4 42. Nd6 f4 43. Rg1 Kh8 44. b5 e3 45. fxe3 fxg3+ 46. Rxg3
Qxh4+ 47. Kg2 Qf6 48. Qe1 Rg4 49. b6 Rxg3+ 50. Kxg3 Rg8+ 51. Kh2 Qf3 52. Nf7+
Kh7 53. Qh4 Qg2# 0-1

[Event "International chess holiday M31"]
[Site "?"]
[Date "2018.08.01"]
[Round "6"]
[White "Chudinovskikh, Alexander"]
[Black "Hartwig, Maik"]
[Result "1-0"]
[ECO "B06"]
[WhiteElo "2237"]
[BlackElo "2092"]
[Annotator "Koller,Martin"]
[PlyCount "72"]
[TimeControl "240+2"]

{279MB} 1. e4 g6 2. d4 Bg7 3. Nc3 d6 4. g3 Nc6 5. Be3 e5 6. dxe5 Nxe5 7. h3 Be6
8. Qd2 Nc4 9. Bxc4 Bxc4 10. O-O-O Nf6 11. Bh6 Bxh6 12. Qxh6 Qe7 13. Nf3 O-O-O
14. Rhe1 Nd7 15. Qe3 Kb8 16. Nd4 Rhe8 17. b3 Be6 18. h4 Nb6 19. Kb2 c5 20. Nf3
Bg4 21. Qf4 Bxf3 22. Qxf3 a6 23. a4 c4 24. a5 Nd7 25. Nd5 Qe5+ 26. Qc3 Qxc3+
27. Nxc3 cxb3 28. cxb3 Ne5 29. Re3 Nc6 30. Rf3 Ne5 31. Rf4 h6 32. Nd5 g5 33.
Rf5 gxh4 34. gxh4 neèitelné 1-0

[Event "International chess holiday K31"]
[Site "?"]
[Date "2018.08.01"]
[Round "6"]
[White "Hadzala, Daniel"]
[Black "Rejlic, Michael"]
[Result "1/2-1/2"]
[ECO "A07"]
[WhiteElo "2104"]
[BlackElo "1866"]
[Annotator "Koller,Martin"]
[PlyCount "69"]
[TimeControl "240+2"]

{279MB} 1. Nf3 d5 2. g3 Bg4 3. Bg2 Nd7 4. O-O e6 5. d3 Bd6 6. Nbd2 f5 7. c4 c6
8. Qc2 Ngf6 9. e4 dxe4 10. dxe4 f4 11. Nd4 Qe7 12. gxf4 Bxf4 13. N2f3 Bc7 14.
Re1 Ne5 15. Nxe5 Bxe5 16. Nf3 Bxf3 17. Bxf3 Qc7 18. h3 O-O-O 19. Be3 Bd4 20.
Bxd4 Rxd4 21. e5 Nd7 22. Qe2 Rd8 23. b4 Nb6 24. b5 Na4 25. bxc6 bxc6 26. Qc2
Nc5 27. Qxh7 Nd3 28. Re3 Nxe5 29. Qh5 Nxf3+ 30. Qxf3 Rxc4 31. Rxe6 Rc2 32. Qf5
Qd7 33. Rae1 Rc3 34. Qe5 Qd4 35. Qxd4 1/2-1/2

[Event "International chess holiday K31"]
[Site "?"]
[Date "2018.08.01"]
[Round "6"]
[White "Nelson, Wayne"]
[Black "Pokorny, Jan"]
[Result "1/2-1/2"]
[ECO "D12"]
[WhiteElo "2009"]
[BlackElo "1879"]
[Annotator "Koller,Martin"]
[PlyCount "30"]
[TimeControl "240+2"]

{279MB} 1. d4 d5 2. Nf3 Bf5 3. e3 Nf6 4. c4 c6 5. Nc3 e6 6. h3 h6 7. Bd3 Bxd3
8. Qxd3 dxc4 9. Qxc4 Nbd7 10. O-O Be7 11. b3 O-O 12. Bb2 Nb6 13. Qe2 Nbd5 14.
Ne5 Qa5 15. Nxd5 cxd5 1/2-1/2

[Event "International chess holiday K31"]
[Site "?"]
[Date "2018.08.01"]
[Round "6"]
[White "Hejsek, Lukas"]
[Black "Hapke, Ralf"]
[Result "0-1"]
[ECO "C63"]
[WhiteElo "1704"]
[BlackElo "1852"]
[Annotator "Koller,Martin"]
[PlyCount "28"]
[TimeControl "240+2"]

{279MB} 1. e4 e5 2. Nf3 Nc6 3. Bb5 f5 4. exf5 e4 5. Qe2 Nf6 6. Nc3 d5 7. Nd4
Bd7 8. Ne6 Bxe6 9. fxe6 Bb4 10. O-O O-O 11. d3 Nd4 12. Qe3 Bxc3 13. Ba4 Ng4 14.
Qg3 Ne2+ 0-1

[Event "International chess holiday K31"]
[Site "?"]
[Date "2018.08.01"]
[Round "6"]
[White "Skopec, Lubos"]
[Black "Spindler, Markus"]
[Result "1/2-1/2"]
[ECO "B01"]
[WhiteElo "1981"]
[BlackElo "1973"]
[Annotator "Koller,Martin"]
[PlyCount "50"]
[TimeControl "240+2"]

{279MB} 1. e4 d5 2. exd5 Qxd5 3. Nc3 Qd6 4. d4 Nf6 5. Bb5+ c6 6. Ba4 Bf5 7. Nf3
Nbd7 8. Bg5 e6 9. Qd2 Qc7 10. O-O-O Bd6 11. h3 h6 12. Be3 O-O-O 13. g4 Ne4 14.
Nxe4 Bxe4 15. Qe2 Nb6 16. Bb3 Nd5 17. Rhe1 Nxe3 18. fxe3 Rhe8 19. Nd2 Bg6 20.
Nc4 Bg3 21. Rf1 b5 22. Nd2 a6 23. Qf3 Kb7 24. Ne4 Bxe4 25. Qxe4 Rd7 1/2-1/2

[Event "International chess holiday K31"]
[Site "?"]
[Date "2018.08.01"]
[Round "6"]
[White "Vit, Zdenek"]
[Black "Koper, Stefan"]
[Result "1-0"]
[ECO "B12"]
[WhiteElo "1705"]
[BlackElo "1830"]
[Annotator "Koller,Martin"]
[PlyCount "77"]
[TimeControl "240+2"]

{279MB} 1. e4 c6 2. d4 Na6 3. Nc3 Nc7 4. Nf3 d5 5. h3 dxe4 6. Nxe4 Nd5 7. c4
Ndf6 8. Nc3 e6 9. Bf4 Bb4 10. Qc2 Ne7 11. Bd3 Ng6 12. Be3 a6 13. O-O b5 14.
cxb5 cxb5 15. a4 Bxc3 16. bxc3 Bd7 17. axb5 axb5 18. Rxa8 Qxa8 19. Rb1 O-O 20.
Bxb5 Bxb5 21. Rxb5 Nd5 22. c4 Ndf4 23. Kh2 Rc8 24. Qd2 Nxg2 25. Kxg2 Nh4+ 26.
Kg3 Nxf3 27. Qd1 Ng1 28. Qxg1 Rxc4 29. Qb1 Rc8 30. Bf4 g5 31. Rxg5+ Kf8 32.
Bd6+ Ke8 33. Qb5+ Qc6 34. Qxc6+ Rxc6 35. Be5 Rc1 36. Rg7 h6 37. Rh7 Rg1+ 38.
Kf4 Rg6 39. Rg7 1-0

[Event "International chess holiday M31"]
[Site "?"]
[Date "2018.08.02"]
[Round "7"]
[White "Jayaram, Ramanna"]
[Black "Zajicek, Karel"]
[Result "1/2-1/2"]
[ECO "D97"]
[WhiteElo "1984"]
[BlackElo "1979"]
[Annotator "Koller,Martin"]
[PlyCount "32"]
[TimeControl "240+2"]

{279MB} 1. d4 Nf6 2. c4 g6 3. Nc3 d5 4. Nf3 Bg7 5. Qb3 dxc4 6. Qxc4 O-O 7. e4
Nc6 8. Be2 e5 9. d5 Nd4 10. Nxd4 exd4 11. Qxd4 c6 12. Bg5 Nxd5 13. Qxd5 Bxc3+
14. bxc3 cxd5 15. Bxd8 Rxd8 16. exd5 Rxd5 1/2-1/2

[Event "International chess holiday M31"]
[Site "?"]
[Date "2018.08.02"]
[Round "7"]
[White "Schafer, Swen"]
[Black "Chudinovskikh, Alexander"]
[Result "0-1"]
[ECO "C55"]
[WhiteElo "2008"]
[BlackElo "2237"]
[Annotator "Koller,Martin"]
[PlyCount "42"]
[TimeControl "240+2"]

{279MB} 1. e4 e5 2. Nf3 Nc6 3. Bc4 Nf6 4. d3 Be7 5. O-O O-O 6. Re1 d6 7. a4 Nd4
8. Nxd4 exd4 9. c3 dxc3 10. bxc3 c6 11. Ba3 Be6 12. Bxe6 fxe6 13. e5 Nd5 14.
Qg4 Nf4 15. g3 h5 16. Qd1 Nh3+ 17. Kg2 Nxf2 18. Qb3 d5 19. Re3 Bxa3 20. Nxa3
Qg5 21. Rae1 Rf7 0-1

[Event "International chess holiday M31"]
[Site "?"]
[Date "2018.08.02"]
[Round "7"]
[White "Knechtel, Roland"]
[Black "Thomasson, Staffan"]
[Result "1-0"]
[ECO "A00"]
[WhiteElo "2237"]
[BlackElo "1868"]
[Annotator "Koller,Martin"]
[PlyCount "71"]
[TimeControl "240+2"]

{279MB} 1. g3 d5 2. Bg2 e5 3. d3 c6 4. Nc3 Bg4 5. h3 Bh5 6. Nf3 Nd7 7. e4 Ngf6
8. exd5 cxd5 9. O-O Bb4 10. g4 Bg6 11. g5 Bxc3 12. gxf6 Bb4 13. fxg7 Rg8 14. c3
Be7 15. Bh6 Qb6 16. Re1 Bh5 17. Qd2 e4 18. dxe4 Qg6 19. Kh1 O-O-O 20. exd5 Bf6
21. Rg1 Bxg7 22. Bxg7 Rxg7 23. Qd4 Rdg8 24. Ne5 Qd6 25. f4 Rg3 26. Kh2 Nxe5 27.
fxe5 Qg6 28. Qe4 Qb6 29. d6 Bf3 30. Bxf3 Rxg1 31. Qxb7+ Qxb7 32. Bxb7+ Kxb7 33.
Rxg1 Rf8 34. Rf1 Kc6 35. e6 Kxd6 36. exf7 1-0

[Event "International chess holiday M31"]
[Site "?"]
[Date "2018.08.02"]
[Round "7"]
[White "Hentzgen, Thomas"]
[Black "Michalek, Frantisek"]
[Result "1/2-1/2"]
[ECO "D13"]
[WhiteElo "2028"]
[BlackElo "2023"]
[Annotator "Koller,Martin"]
[PlyCount "74"]
[TimeControl "240+2"]

{279MB} 1. d4 d5 2. c4 c6 3. Nf3 Nf6 4. e3 Bf5 5. cxd5 cxd5 6. Nc3 Nc6 7. Ne5
e6 8. g4 Bg6 9. h4 h6 10. Nxg6 fxg6 11. Bd3 Kf7 12. f4 Bb4 13. Qf3 Bxc3+ 14.
bxc3 Ne4 15. Bxe4 dxe4 16. Qxe4 Qd5 17. Qxd5 exd5 18. Rb1 b6 19. Ke2 Rhe8 20.
Kd3 Na5 21. Bd2 Nc4 22. Rh3 a6 23. Rf3 Re4 24. Rg1 Rae8 25. h5 R8e7 26. Rgg3
Re8 27. Be1 Nb2+ 28. Kc2 Nc4 29. Bf2 Na3+ 30. Kd3 Nc4 31. Rh3 Nb2+ 32. Kc2 Nc4
33. g5 gxh5 34. gxh6 g6 35. f5 Rg4 36. Rhg3 Nd6 37. Rxg4 hxg4 1/2-1/2

[Event "International chess holiday K31"]
[Site "?"]
[Date "2018.08.02"]
[Round "7"]
[White "Rejlic, Michael"]
[Black "Nelson, Wayne"]
[Result "1/2-1/2"]
[ECO "B14"]
[WhiteElo "1866"]
[BlackElo "2009"]
[Annotator "Koller,Martin"]
[PlyCount "36"]
[TimeControl "240+2"]

{279MB} 1. e4 c6 2. d4 d5 3. exd5 cxd5 4. c4 Nf6 5. Nc3 e6 6. Nf3 Nc6 7. Be2
Be7 8. Bf4 a6 9. a3 O-O 10. O-O dxc4 11. Bxc4 b5 12. Ba2 Bb7 13. d5 exd5 14.
Nxd5 Nxd5 15. Qxd5 Qxd5 16. Bxd5 Rad8 17. Rad1 Bf6 18. b3 Rd7 1/2-1/2

[Event "International chess holiday K31"]
[Site "?"]
[Date "2018.08.02"]
[Round "7"]
[White "Pokorny, Jan"]
[Black "Skopec, Lubos"]
[Result "0-1"]
[ECO "D02"]
[WhiteElo "1879"]
[BlackElo "1981"]
[Annotator "Koller,Martin"]
[PlyCount "64"]
[TimeControl "240+2"]

{279MB} 1. d4 d5 2. Nf3 Bf5 3. e3 e6 4. Bd3 Bxd3 5. Qxd3 Nd7 6. O-O Ngf6 7.
Nbd2 c5 8. c4 Rc8 9. b3 Be7 10. Bb2 O-O 11. Ne5 Nb6 12. Ba3 cxd4 13. Bxe7 Qxe7
14. Qxd4 Rfd8 15. cxd5 Rxd5 16. Qb2 Qc7 17. Nef3 Rc5 18. Qd4 Rc2 19. Qh4 Qc3
20. Qd4 Qxd4 21. exd4 Nfd5 22. Ne4 Nc3 23. Nxc3 R8xc3 24. h3 Nd5 25. Rfb1 Nb4
26. a3 Nd3 27. d5 exd5 28. Nd4 Rxf2 29. Rd1 Rb2 30. b4 Nf4 31. Rac1 Rxg2+ 32.
Kf1 Rgg3 0-1

[Event "International chess holiday K31"]
[Site "?"]
[Date "2018.08.02"]
[Round "7"]
[White "Spindler, Markus"]
[Black "Vit , Zdenek"]
[Result "1-0"]
[ECO "C54"]
[WhiteElo "1973"]
[BlackElo "1705"]
[Annotator "Koller,Martin"]
[PlyCount "71"]
[TimeControl "240+2"]

{279MB} 1. e4 e5 2. Nf3 Nc6 3. Bc4 Bc5 4. c3 Nf6 5. b4 Bb6 6. d3 d6 7. O-O h6
8. a4 a5 9. b5 Ne7 10. Bb3 O-O 11. Be3 Ba7 12. Nbd2 Ng4 13. Bxa7 Rxa7 14. h3
Nf6 15. Qc2 b6 16. d4 Ng6 17. Rfd1 Qe7 18. Re1 Be6 19. c4 Rc8 20. c5 bxc5 21.
dxc5 dxc5 22. Bxe6 fxe6 23. Nc4 Nd7 24. Qc3 c6 25. Nxa5 cxb5 26. axb5 Qd8 27.
Nc6 Rxa1 28. Nxd8 Rxe1+ 29. Nxe1 Rxd8 30. Qd3 Ngf8 31. Nf3 Rb8 32. Nd2 Kf7 33.
Nc4 Kf6 34. b6 g5 35. Qd6 Kf7 36. Nxe5+ 1-0

[Event "International chess holiday K31"]
[Site "?"]
[Date "2018.08.02"]
[Round "7"]
[White "Koper, Stefan"]
[Black "Hejsek, Lukas"]
[Result "1-0"]
[ECO "D80"]
[WhiteElo "1830"]
[BlackElo "1704"]
[Annotator "Koller,Martin"]
[PlyCount "85"]
[TimeControl "240+2"]

{279MB} 1. d4 Nf6 2. c4 g6 3. Nc3 d5 4. Bg5 Ne4 5. cxd5 Nxg5 6. h4 Ne4 7. Nxe4
Qxd5 8. Nc3 Qa5 9. Nf3 Bg7 10. e3 O-O 11. Nd2 c6 12. h5 Rd8 13. hxg6 hxg6 14.
Bc4 e5 15. Qf3 Qc7 16. Qg3 Kf8 17. Rh7 Nd7 18. Nf3 b5 19. Bb3 b4 20. Ne4 c5 21.
Rc1 Ba6 22. Nxc5 Nxc5 23. Rxc5 Qd6 24. Nxe5 Rac8 25. Nxf7 Qxg3 26. fxg3 Re8 27.
Kf2 Rxc5 28. dxc5 Bxb2 29. Nd6 Re7 30. Rh4 Bc1 31. Rf4+ Kg7 32. Re4 Rxe4 33.
Nxe4 Kf8 34. Nd6 Ke7 35. g4 Bb2 36. Bc4 Bxc4 37. Nxc4 Bf6 38. Kf3 Ke6 39. Ke4
Be7 40. c6 Bd8 41. Kd4 g5 42. e4 Bc7 43. Kc5 1-0

[Event "International chess holiday M31"]
[Site "?"]
[Date "2018.08.02"]
[Round "8"]
[White "Hentzgen, Thomas"]
[Black "Knechtel, Roland"]
[Result "0-1"]
[ECO "E16"]
[WhiteElo "2028"]
[BlackElo "2237"]
[Annotator "Koller,Martin"]
[PlyCount "66"]
[TimeControl "240+2"]

{279MB} 1. d4 Nf6 2. c4 e6 3. Nf3 b6 4. g3 Bb7 5. Bg2 c5 6. d5 exd5 7. Nh4 g6
8. O-O Bg7 9. Nc3 O-O 10. cxd5 d6 11. e4 Re8 12. a4 Na6 13. Qc2 Nb4 14. Qb1 Ba6
15. Rd1 Ng4 16. Nb5 Ne5 17. Bd2 Bxb5 18. axb5 Qd7 19. Bf1 Bf6 20. f4 Ng4 21.
Nf3 Bg7 22. Bc3 Ne3 23. Rd2 Nxf1 24. Kxf1 Qxb5+ 25. Kg2 Qc4 26. Bxg7 Kxg7 27.
b3 Qxe4 28. Qb2+ Kg8 29. Re1 Qf5 30. Nh4 Qd7 31. Rf1 Qb7 32. Rfd1 Re3 33. Nf3
Rae8 0-1

[Event "International chess holiday M31"]
[Site "?"]
[Date "2018.08.02"]
[Round "8"]
[White "Thomasson, Staffan"]
[Black "Hartwig, Maik"]
[Result "0-1"]
[ECO "A25"]
[WhiteElo "1868"]
[BlackElo "2092"]
[Annotator "Koller,Martin"]
[PlyCount "54"]
[TimeControl "240+2"]

{279MB} 1. c4 g6 2. g3 Bg7 3. Bg2 d6 4. Nc3 Nc6 5. e3 e5 6. Nge2 f5 7. d3 Nf6
8. a3 a5 9. Rb1 O-O 10. b4 axb4 11. axb4 Nh5 12. Nd5 Ne7 13. O-O c6 14. Nxe7+
Qxe7 15. b5 Bd7 16. bxc6 Bxc6 17. Bd5+ Bxd5 18. cxd5 Bh6 19. f4 exf4 20. exf4
Bg7 21. Bd2 Ra3 22. Rf3 Qf7 23. Re3 Qxd5 24. Bb4 Ra2 25. Qb3 Qxb3 26. Rxb3 Rc8
27. Bxd6 Bd4 0-1

[Event "International chess holiday M31"]
[Site "?"]
[Date "2018.08.02"]
[Round "8"]
[White "Gunther, Andreas"]
[Black "Schafer, Sven"]
[Result "1-0"]
[ECO "D00"]
[WhiteElo "2138"]
[BlackElo "2008"]
[Annotator "Koller,Martin"]
[PlyCount "71"]
[TimeControl "240+2"]

{279MB} 1. d4 Nf6 2. Nf3 g6 3. Nc3 d5 4. Bf4 Bg7 5. e3 O-O 6. Be2 b6 7. Ne5 Bb7
8. h4 Nbd7 9. f3 c5 10. Qd2 Nh5 11. Bh2 Nxe5 12. dxe5 d4 13. exd4 e6 14. O-O-O
Qxh4 15. Kb1 Rfd8 16. Nb5 Ng3 17. Bxg3 Qxg3 18. Nd6 Bc6 19. c3 h6 20. Qe3 Qg5
21. f4 cxd4 22. cxd4 Qe7 23. Bf3 Bxf3 24. Qxf3 Rf8 25. Rh3 Rad8 26. Qc6 Qd7 27.
Qe4 Qe7 28. Rc3 Rd7 29. g3 Rfd8 30. Rc6 Rf8 31. a3 Ra8 32. Ka2 Rf8 33. Rdc1
Rfd8 34. Rc8 Kh7 35. Rxd8 Qxd8 36. Rc8 1-0

[Event "International chess holiday M31"]
[Site "?"]
[Date "2018.08.02"]
[Round "8"]
[White "Chudinovkikh, Alexander"]
[Black "Jayaram, Ramanna"]
[Result "1-0"]
[ECO "C94"]
[WhiteElo "2237"]
[BlackElo "1984"]
[Annotator "Koller,Martin"]
[PlyCount "67"]
[TimeControl "240+2"]

{279MB} 1. e4 e5 2. Nf3 Nc6 3. Bb5 a6 4. Ba4 Nf6 5. O-O Be7 6. Re1 b5 7. Bb3 d6
8. c3 O-O 9. h3 Nb8 10. d3 Bb7 11. Nbd2 c5 12. Nf1 c4 13. dxc4 Nxe4 14. cxb5
Qb6 15. Ne3 axb5 16. Bd5 Nf6 17. Bxb7 Qxb7 18. Nf5 Rd8 19. Bg5 Ra6 20. a4 bxa4
21. Rxa4 Rxa4 22. Qxa4 h6 23. Bh4 Nd5 24. Qg4 g6 25. Nxh6+ Kf8 26. Ng5 Bxg5 27.
Bxg5 Rd7 28. Qh4 Qxb2 29. Ng4 f6 30. Qh8+ Kf7 31. Nxf6 Ke6 32. Nxd7 Kxd7 33.
Qd8+ Kc6 34. c4 1-0

[Event "International chess holiday K31"]
[Site "?"]
[Date "2018.08.02"]
[Round "8"]
[White "Hadzala, Daniel"]
[Black "Koper, Stefan"]
[Result "1/2-1/2"]
[ECO "A08"]
[WhiteElo "2104"]
[BlackElo "1830"]
[Annotator "Koller,Martin"]
[PlyCount "44"]
[TimeControl "240+2"]

{279MB} 1. Nf3 c5 2. g3 Nc6 3. Bg2 d5 4. O-O e5 5. d3 Nf6 6. c3 Be7 7. Nbd2 O-O
8. e4 d4 9. c4 Bd6 10. Nh4 Ne7 11. Kh1 Rb8 12. Rg1 Ng4 13. Qe2 Nh6 14. Nf1 Ng6
15. Bxh6 Nxh4 16. Bxg7 Kxg7 17. gxh4 Qxh4 18. Bh3+ Kh8 19. Bxc8 Rbxc8 20. Ng3
Rg8 21. Nf5 Qf6 22. Qh5 Rg6 1/2-1/2

[Event "International chess holiday K31"]
[Site "?"]
[Date "2018.08.02"]
[Round "8"]
[White "Nelson, Wayne"]
[Black "Hapke, Ralf"]
[Result "0-1"]
[ECO "A04"]
[WhiteElo "2009"]
[BlackElo "1852"]
[Annotator "Koller,Martin"]
[PlyCount "36"]
[TimeControl "240+2"]

{279MB} 1. d4 g6 2. Nf3 Bg7 3. g3 c5 4. Bg2 cxd4 5. Nxd4 Nc6 6. c3 Nf6 7. O-O
O-O 8. Na3 a6 9. Nac2 Ne8 10. Nxc6 bxc6 11. Bxc6 Rb8 12. Bg2 Nd6 13. Qd3 a5 14.
Re1 Qc7 15. e4 Nc4 16. b3 Ne5 17. Qd2 Ba6 18. Bf1 Nf3+ 0-1

[Event "International chess holiday K31"]
[Site "?"]
[Date "2018.08.02"]
[Round "8"]
[White "Vit, Zdenek"]
[Black "Hejsek, Lukas"]
[Result "1/2-1/2"]
[ECO "B34"]
[WhiteElo "1705"]
[BlackElo "1704"]
[Annotator "Koller,Martin"]
[PlyCount "37"]
[TimeControl "240+2"]

{279MB} 1. e4 c5 2. Nf3 g6 3. Nc3 Bg7 4. d4 cxd4 5. Nxd4 Nc6 6. Be3 Nf6 7. Be2
O-O 8. O-O d5 9. exd5 Nxd5 10. Nxd5 Qxd5 11. Bf3 Qc4 12. Nxc6 bxc6 13. c3 Bf5
14. Qb3 Qa6 15. a4 Rab8 16. Qa3 Rfe8 17. Bc5 Be6 18. b4 Bd5 19. Bxd5 1/2-1/2

[Event "International chess holiday K31"]
[Site "?"]
[Date "2018.08.02"]
[Round "8"]
[White "Spindler, Markus"]
[Black "Pokorny, Jan"]
[Result "1-0"]
[ECO "B07"]
[WhiteElo "1973"]
[BlackElo "1879"]
[Annotator "Koller,Martin"]
[PlyCount "90"]
[TimeControl "240+2"]

{279MB} 1. e4 d6 2. d4 Nf6 3. Bd3 Nbd7 4. Nf3 e5 5. c3 Be7 6. O-O O-O 7. Nbd2
a6 8. a4 c5 9. d5 Nb6 10. h3 Bd7 11. a5 Nc8 12. b4 cxb4 13. cxb4 Na7 14. Nc4
Bb5 15. Nb6 Rb8 16. Be3 Bxd3 17. Qxd3 Nb5 18. Nd2 Nd7 19. Ndc4 Nxb6 20. Nxb6
Qe8 21. Rac1 Bd8 22. Nc4 Qd7 23. f4 f6 24. f5 Qf7 25. Kh2 Bc7 26. Rg1 g5 27.
fxg6 Qxg6 28. g4 Kh8 29. Nd2 Bd8 30. Nf3 Be7 31. Nh4 Qf7 32. Nf5 Rfc8 33. Qd2
Rxc1 34. Rxc1 Bf8 35. Rc4 Qg6 36. Qc1 Qe8 37. h4 Bg7 38. g5 fxg5 39. Bxg5 Qf8
40. Be7 Qe8 41. Bg5 Nd4 42. Nxd6 Qh5 43. Rc8+ Bf8 44. Bf6+ Kg8 45. Qg1+ Qg6 1-0